 Dungeon Crawl Stone Soup version 0.20.1-1-g8b1a95d (webtiles) character file.

60 tidbits the Skirmisher (level 3, 18/31 HPs)
             Began as a Demigod Wanderer on Aug 22, 2017.
             Quit the game on level 2 of the Dungeon.
             The game lasted 00:05:33 (709 turns).

tidbits the Skirmisher (Demigod Wanderer)            Turns: 709, Time: 00:05:34

Health: 18/31      AC:  5    Str: 17    XL:     3   Next: 55%
Magic:  5/5        EV: 11    Int: 18    God:
Gold:   123        SH:  0    Dex: 13    Spells: 2/2 levels left

rFire    + . .     SeeInvis .   a - +2 hand axe
rCold    . . .     Gourm    .   (no shield)
rNeg     . . .     Faith    .   c - +0 ring mail
rPois    +         Spirit   .   (no helmet)
rElec    .         Reflect  .   (no cloak)
rCorr    .         Harm     .   (no gloves)
MR       .....                  (no boots)
Stlth    +.........             (no amulet)
Regen    0.1/turn               s - ring of fire
MPRegen  0.1/turn               (no ring)

@: no status effects
A: cold resistance 1, high mp 1, poison resistance
a: no special abilities


You were on level 2 of the Dungeon.
You were not hungry.

You visited 1 branch of the dungeon, and saw 3 of its levels.

You collected 123 gold pieces.

Inventory:

Hand Weapons
 a - a +2 hand axe (weapon)
 d - a +0 dagger
 k - a +0 hand axe of chopping
   (You found it on level 2 of the Dungeon)
Missiles
 e - 21 arrows
 j - 35 stones (quivered)
Armour
 c - a +0 ring mail (worn)
Jewellery
 s - a ring of fire (left hand)
   (You found it on level 3 of the Dungeon)
Scrolls
 g - a scroll of blinking {unknown}
 m - a scroll of magic mapping {unknown}
 o - a scroll of noise {unknown}
 q - a scroll of enchant weapon {unknown}
 r - a scroll of remove curse {unknown}
Potions
 b - a potion of lignification
 i - a potion of heal wounds
 p - a potion of invisibility {unknown}
Comestibles
 f - a bread ration
 h - 2 chunks of flesh
 l - a royal jelly


   Skills:
 + Level 3.1 Fighting
 - Level 2.6 Axes
 - Level 2.6 Armour
 + Level 1.9 Dodging
 - Level 1.7 Stealth


You had 2 spell levels left.
You didn't know any spells.

Dungeon Overview and Level Annotations

Branches:
Dungeon (3/15)


Innate Abilities, Weirdness & Mutations

You have an increased reservoir of magic. (+10% MP)
Your flesh is cold resistant. (rC+)
Your system is resistant to poisons. (rPois)


Message History

You slash the goblin!
You kill the goblin!
You slash the worm!
The worm is heavily wounded.
The worm closely misses you.
You barely miss the worm.
The worm is moderately wounded.
You hit the worm but do no damage.
The worm is moderately wounded.
The worm bites you but does no damage.
You slash the worm!
The worm is severely wounded.
The worm bites you.
* * * LOW HITPOINT WARNING * * *
You hit the worm.
The worm is almost dead.
Your ring mail prevents you from hitting the worm.
The worm is almost dead.
The worm bites you but does no damage.
You hit the worm.
You kill the worm!
Your Fighting skill increases to level 3!
You see here a robe.
As you read the scroll labeled INODEDENIO, it crumbles to dust.
You feel strangely unstable.
It was a scroll of teleportation.
Your surroundings suddenly seem different.
Things that are here:
an enchanted flail; a gnoll skeleton
There is a stone staircase leading down here.
You climb downwards.
You hear the sound of rushing water.
There is an entrance to a sewer on this level.
Hurry and find it before the portal rusts away!
You hear the rusting of a distant drain.
The orc hits you with a mace.
* * * LOW HITPOINT WARNING * * *
The gnoll hits you but does no damage.
There is a stone staircase leading up, spattered with blood here.
The orc hits you but does no damage. The gnoll misses you.
You climb upwards.
There is a stone staircase leading down here.
Things that are here:
an enchanted flail; a gnoll skeleton You slash the orc!
You kill the orc!
There is a stone staircase leading down here.
Things that are here:
a mace; an orc corpse A bat comes into view.
The bat hits you but does no damage. The bat hits you but does no damage.
You are too injured to fight recklessly!
You are too injured to fight recklessly!
You barely miss the bat. The bat hits you but does no damage.
The bat barely misses you.
You closely miss the bat. The bat hits you but does no damage.
You closely miss the bat. The bat misses you. The bat closely misses you.
You hit the bat.
You kill the bat!
You see here a bat corpse.
Found 27 stones.
Found 5 large rocks.
A quokka comes into view.
The quokka closely misses you.
You hit the quokka.
The quokka is heavily wounded.
The quokka bites you but does no damage.
You closely miss the quokka.
The quokka is heavily wounded.
The quokka barely misses you.
You hit the quokka.
The quokka is severely wounded.
The quokka barely misses you.
You slash the quokka!
You kill the quokka!
You see here a quokka corpse.
Found 21 arrows.
Found 11 gold pieces.
You see here 21 arrows.
e - 21 arrows A giant cockroach comes into view.
A giant cockroach is nearby!
The giant cockroach closely misses you.
You barely miss the giant cockroach.
The giant cockroach bites you but does no damage.
The giant cockroach waves its antennae.
The giant cockroach bites you but does no damage.
You hit the giant cockroach.
The giant cockroach is almost dead.
The giant cockroach closely misses you.
You barely miss the giant cockroach.
The giant cockroach is almost dead.
The giant cockroach closely misses you. The giant cockroach barely misses you.
You barely miss the giant cockroach.
The giant cockroach is almost dead.
The giant cockroach bites you.
You hit the giant cockroach.
You kill the giant cockroach!
You now have 123 gold pieces (gained 11).
Are you sure you want to abandon this character and quit the game? (Confirm with "yes".)

########### ##
#.........# #.
#.#######.#######.
#.# #......... #.#
#########.
##.###### #.
#.@.....# ##
#..####.# ... #..#
... #..# .## #..#
#..# #####..### #.
#........ #.#
###)# .### #.#


There were no monsters in sight!

Vanquished Creatures
  A gnoll (D:2)
  An adder (D:2)
  An ooze (D:3)
  A worm (D:2)
  A leopard gecko (D:2)
  An orc (D:2)
  A ball python (D:1)
  5 bats
  3 giant cockroaches (D:2)
  5 goblins
  2 hobgoblins (D:2)
  2 kobolds (D:2)
  A quokka (D:2)
  A frilled lizard (D:2)
  3 rats
29 creatures vanquished.

Notes
Turn   | Place    | Note
-------+----------+-------------------------------------------
     0 | D:1      | tidbits the Demigod Wanderer began the quest for the Orb.
     0 | D:1      | tidbits set off with: a +2 hand axe, a potion of lignification, a +0 ring mail, a +0 dagger, a bread ration
     0 | D:1      | Reached XP level 1. HP: 17/17 MP: 3/3
    35 | D:1      | Reached skill level 2 in Fighting
    56 | D:2      | Found a sparkling altar of Nemelex Xobeh.
   157 | D:2      | Reached skill level 1 in Dodging
   157 | D:2      | Reached XP level 2. HP: 8/24 MP: 4/4
   517 | D:3      | Reached XP level 3. HP: 23/30 MP: 5/5
   532 | D:3      | Gained mutation: Your flesh is cold resistant. (rC+) [potion of mutation]
   532 | D:3      | Gained mutation: Your system is resistant to poisons. (rPois) [potion of mutation]
   578 | D:2      | Reached skill level 3 in Fighting
   709 | D:2      | Quit the game

Skill      XL: |  1  2  3 |
---------------+----------+-----
Fighting       | 2 3 |  3.1
Dodging        | 1 |  1.9
Axes           | |  2.6
Armour         | |  2.6
Stealth        | |  1.7

Action                   || total
-------------------------++-------
Melee: Hand axe          ||    87
Throw: Stone             ||    10
  Use: Scroll            ||     3
       Potion            ||     1
 Stab: Sleeping          ||     1
Armor: Ring mail         ||    29
Dodge: Dodged            ||    50

Table legend:
 A = Turns spent in this place as a percentage of turns spent in the entire game.
 B = Non-inter-level travel turns spent in this place as a percentage of non-inter-level travel turns spent in the entire game.
 C = Inter-level travel turns spent in this place as a percentage of turns spent in this place.
 D = Turns resting spent in this place as a percentage of non-inter-level travel turns spent in this place.
 E = Turns spent auto-exploring this place as a percentage of non-inter-level travel turns spent in this place.
 F = Non-inter-level travel turns spent in this place divided by the number of levels of this place that you've seen.
                   A       B       C       D       E      F
               +-------+-------+-------+-------+-------+----------------------
         Total | 100.0 | 100.0 |   0.5 |   0.0 |   0.0 | 182.0
       Dungeon | 100.0 | 100.0 |   0.5 |   0.0 |   0.0 | 182.0
               +-------+-------+-------+-------+-------+----------------------

Table legend:
 A = Kills in this place as a percentage of kills in entire the game.
 B = Kills by you in this place as a percentage of kills by you in the entire game.
 C = Kills by friends in this place as a percentage of kills by friends in the entire game.
 D = Other kills in this place as a percentage of other kills in the entire game.
 E = Experience gained in this place as a percentage of experience gained in the entire game.
 F = Experience gained in this place divided by the number of levels of this place that you have seen.
                   A       B       C       D       E      F
               +-------+-------+-------+-------+-------+----------------------
         Total | 100.0 | 100.0 |  -nan |  -nan | 100.0 |  28.7
       Dungeon | 100.0 | 100.0 |  -nan |  -nan | 100.0 |  28.7
               +-------+-------+-------+-------+-------+----------------------

Vault maps used:
D:1:      lightli_arrival_noodles, serial_glass, glass_columns_c,
          glass_columns_a
D:2:      nemelex_xobeh_ov_fountains_minmay, serial_glass, glass_columns_b,
          glass_columns_a, glass_columns_a, glass_columns_c, glass_columns_b,
          glass_columns_b
D:3:      gammafunk_temple_overflow_elements, first_bread,
          cheibrodos_sewer_entry_sluice, st_stairs_9, uniq_natasha
